Map: Echo of the past

Players

Tesla - Winner!

  • Race: Protoss Protoss

IIIIIIIIIIII

  • Race: Zerg Zerg

VOD

Have the link to the VOD?

Description

Echo of the past (83) PvZ 14 min match trafficxxx is awesome

Time

  • Played on: Aug. 7, 2016, 10:03 a.m.
  • Length: 14:31
Show
View Real Time Build Order
Export as new Build Order

Tesla Protoss - Winner!

Build Orders:  

Get SALT Encoding   

  12  0:00  Probe (Chrono Boost)  
  13  0:11  Probe (Chrono Boost)  
  14  0:20  Pylon  
  14  0:22  Probe (Chrono Boost)  
  15  0:38  Probe (Chrono Boost)  
  15  0:41  Gateway  
  16  0:45  Assimilator  
  16  0:49  Probe (Chrono Boost)  
  17  0:59  Probe (Chrono Boost)  
  18  1:05  Pylon  
  18  1:10  Probe (Chrono Boost)  
  19  1:20  Probe (Chrono Boost)  
  20  1:29  Cybernetics Core  
  20  1:31  Zealot, Probe (Chrono Boost)  
  23  1:36  Assimilator  
  23  1:41  Probe (Chrono Boost)  
  24  1:51  Warp Gate  
  24  1:52  Probe (Chrono Boost)  
  25  2:03  Probe (Chrono Boost)  
  26  2:15  Stalker  
  30  2:17  Mothership Core (Chrono Boost)  
  30  2:26  Nexus  
  31  2:37  Probe (Chrono Boost)  
  31  2:55  Gateway  
  31  2:56  Pylon  
  31  3:01  Pylon  
  31  3:14  Adept  
  31  3:16  Probe (Chrono Boost)  
  35  3:28  Probe (Chrono Boost)  
  35  3:40  Probe (Chrono Boost)  
  35  3:41  Probe (Chrono Boost)  
  37  3:51  Probe (Chrono Boost)  
  37  3:52  Probe (Chrono Boost), Twilight Council  
  37  3:54  Forge  
  39  4:02  Probe (Chrono Boost)  
  41  4:03  Gateway  
  41  4:04  Pylon, Probe (Chrono Boost)  
  41  4:12  Probe (Chrono Boost)  
  41  4:13  Gateway  
  41  4:16  Probe (Chrono Boost)  
  43  4:19  Protoss Ground Weapons Level 1  
  43  4:21  Sentry x2, Resonating Glaives  
  43  4:23  Probe (Chrono Boost)  
  48  4:28  Probe (Chrono Boost)  
  49  4:34  Probe (Chrono Boost)  
  50  4:40  Probe (Chrono Boost)  
  50  4:43  Assimilator  
  52  4:46  Assimilator, Probe (Chrono Boost)  
  52  4:49  Pylon  
  53  4:52  Probe (Chrono Boost)  
  53  4:53  Stalker  
  53  4:54  Adept  
  53  4:58  Probe (Chrono Boost)  
  53  4:59  Adept  
  60  5:10  Probe (Chrono Boost)  
  60  5:11  Probe (Chrono Boost)  
  62  5:18  Gateway  
  63  5:21  Robotics Facility  
  63  5:22  Probe (Chrono Boost)  
  63  5:24  Stargate  
  63  5:27  Pylon  
  63  5:29  Adept  
  63  5:30  Adept  
  66  5:45  Probe x2 (Chrono Boost)  
  66  5:46  Blink  
  66  5:48  Adept  
  66  5:49  Adept  
  72  5:53  Adept  
  74  5:58  Protoss Ground Armor Level 1  
  74  6:02  Probe x2 (Chrono Boost)  
  76  6:08  Phoenix  
  76  6:10  Warp Prism  
  80  6:15  Probe (Chrono Boost)  
  80  6:16  Probe (Chrono Boost)  
  82  6:20  Stalker  
  82  6:24  Stalker  
  86  6:38  Pylon  
  86  6:41  Pylon  
  86  6:46  Pylon, Photon Cannon  
  86  6:56  Phoenix, Observer  
  86  6:58  Probe x2 (Chrono Boost)  
  91  7:02  Adept x3  
  91  7:03  Adept  
  91  7:08  Pylon  
  99  7:12  Pylon  
  99  7:16  Pylon, Stalker  
  99  7:18  Immortal  
  105  7:25  Adept x2  
  105  7:26  Adept  
  105  7:28  Adept  
  107  7:57  Immortal  
  77  8:06  Adept x5  
  75  8:16  Void Ray  
  79  8:27  Nexus  
  79  8:31  Sentry, Assimilator  
  79  8:32  Sentry  
  79  8:33  Mothership Core (Chrono Boost)  
  85  8:34  Assimilator  
  85  8:37  Pylon  
  85  8:40  Pylon  
  85  8:45  Immortal  
  85  8:48  Adept x2  
  90  8:54  Stalker  
  94  9:02  Void Ray  
  98  9:07  Stalker  
  100  9:11  Stalker  
  102  9:17  Stalker  
  102  9:20  Adept  
  106  9:24  Stalker  
  108  9:34  Probe (Chrono Boost)  
  108  9:35  Probe (Chrono Boost)  
  110  9:38  Sentry  
  113  9:46  Probe (Chrono Boost)  
  113  9:47  Stalker x2, Probe (Chrono Boost)  
  118  9:58  Immortal  
  118  9:59  Probe x2 (Chrono Boost)  
  124  10:03  Void Ray  
  128  10:08  Adept  
  128  10:11  Stalker  
  132  10:23  Stalker  
  132  10:24  Stalker x2  
  138  10:33  Probe (Chrono Boost)  
  139  10:36  Gateway  
  139  10:38  Immortal  
  139  10:39  Gateway  
  139  10:42  Protoss Ground Weapons Level 2  
  143  10:43  Gateway  
  143  10:46  Pylon  
  143  10:51  Void Ray  
  143  10:52  Charge  
  147  10:58  Stalker  
  149  11:17  Observer  
  150  11:28  Probe (Chrono Boost)  
  150  11:29  Probe (Chrono Boost)  
  152  11:35  Stalker x4  
  152  11:36  Stalker  
  152  11:38  Immortal  
  152  11:39  Phoenix  
  168  11:50  Adept  
  170  11:54  Stalker  
  172  12:06  Void Ray  
  140  12:27  Stalker x2  
  140  12:28  Stalker x3  
  144  12:37  Adept x3  
  140  12:49  Void Ray  
  144  12:52  Immortal  
  144  12:55  Stalker  
  144  12:56  Stalker  
  152  13:08  Adept x2  
  152  13:09  Adept  
  136  13:26  Adept  
  140  13:28  Adept, Mothership Core (Chrono Boost)  
  140  13:32  Void Ray  
  146  13:40  Stalker x2  
  150  13:53  Stalker  
  150  13:54  Stalker x2  
  144  14:03  Adept x3  
  144  14:16  Stalker x2  
  144  14:17  Stalker  
Show
View Real Time Build Order
Export as new Build Order

IIIIIIIIIIII Zerg 

Build Orders: Hatch First, Lurkers 

Get SALT Encoding   

  12  0:02  Drone  
  13  0:16  Overlord  
  13  0:18  Drone  
  14  0:32  Extractor  
  14  0:33  Drone  
  14  0:35  Drone  
  16  0:38  Drone  
  17  1:01  Hatchery, Drone  
  17  1:10  Drone x2  
  17  1:11  Extractor  
  18  1:21  Spawning Pool  
  17  1:45  Drone x2  
  19  1:47  Overlord  
  19  1:57  Drone  
  20  2:08  Queen, Drone  
  21  2:13  Queen  
  25  2:20  Metabolic Boost  
  25  2:27  Zergling x6  
  28  2:30  Drone  
  29  2:38  Drone  
  29  2:40  Drone  
  31  2:49  Drone  
  32  2:52  Drone  
  33  3:08  Drone x3  
  33  3:09  Hatchery  
  35  3:16  Drone  
  34  3:37  Drone x2  
  34  3:39  Overlord x2  
  35  3:50  Overlord  
  35  3:54  Overlord  
  35  3:57  Queen  
  35  3:58  Queen  
  35  3:59  Drone x4  
  35  4:02  Drone  
  44  4:06  Drone  
  45  4:14  Drone x6  
  51  4:21  Extractor  
  51  4:22  Extractor  
  51  4:23  Extractor  
  51  4:24  Drone x2  
  50  4:26  Drone  
  50  4:29  Queen  
  53  4:31  Drone  
  53  4:34  Lair  
  54  4:57  Roach Warren  
  54  4:58  Evolution Chamber  
  52  5:01  Spore Crawler x2, Drone  
  52  5:02  Pneumatized Carapace  
  51  5:13  Drone x3  
  51  5:14  Drone x7  
  57  5:15  Drone x6  
  57  5:21  Overlord x2  
  67  5:26  Zerg Missile Weapons Level 1  
  67  5:47  Extractor, Drone  
  67  5:48  Drone  
  67  5:49  Roach x5, Extractor  
  81  5:50  Roach x6  
  89  5:57  Overseer  
  89  5:58  Drone  
  89  6:01  Overlord x3  
  90  6:09  Spore Crawler  
  89  6:20  Roach  
  89  6:21  Roach x5  
  101  6:39  Hydralisk Den  
  100  6:40  Spore Crawler x2  
  100  6:41  Spore Crawler, Drone x3  
  100  6:44  Drone  
  100  6:45  Drone x3  
  104  6:57  Ravager x6  
  104  6:58  Ravager  
  111  7:04  Drone x3  
  111  7:07  Overlord x3  
  111  7:08  Overlord x2  
  114  7:21  Zerg Missile Weapons Level 2  
  114  7:27  Drone x3  
  114  7:28  Hydralisk  
  114  7:29  Hydralisk x5  
  129  7:38  Hydralisk  
  129  7:39  Hydralisk, Roach x4  
  138  7:47  Hydralisk, Roach  
  139  7:56  Hydralisk x2  
  139  7:57  Roach x3  
  137  7:59  Zergling x6  
  137  8:00  Overseer  
  137  8:03  Zergling x6  
  139  8:34  Drone x2  
  139  8:35  Drone  
  139  8:36  Drone  
  143  8:51  Lurker Den  
  143  8:54  Queen  
  143  8:55  Glial Reconstitution, Hatchery  
  144  9:34  Infestation Pit  
  143  9:38  Zerg Ground Armor Level 1  
  143  10:09  Overlord  
  143  10:10  Overlord x7  
  143  10:19  Lurker x2  
  143  10:20  Lurker x7  
  152  10:29  Hydralisk x3  
  152  10:30  Hydralisk x7, Roach x4  
  152  10:31  Hydralisk x2, Roach x8  
  200  10:37  Hive  
  200  10:58  Extractor  
  200  10:59  Extractor  
  190  11:26  Drone x3  
  190  11:27  Drone x2  
  190  11:29  Drone  
  190  11:30  Drone x2  
  190  11:31  Drone x2  
  112  12:30  Hydralisk x5  
  112  12:31  Hydralisk x5, Roach x7  
  112  12:32  Roach x2  
  127  12:44  Zergling x2  
  127  12:45  Zergling x6  
  122  12:55  Hydralisk x4  
  130  13:00  Queen  
  130  13:04  Hydralisk x2  
  130  13:05  Roach x2  
  140  13:12  Hydralisk  
  136  13:19  Hydralisk x2  
  113  13:20  Roach  
  113  13:23  Hydralisk x3  
  113  13:24  Roach x3  
  109  13:29  Hydralisk  
  109  13:30  Roach  
  104  13:39  Hydralisk x2  
  104  13:40  Roach  
  101  13:46  Hydralisk  
  101  13:47  Roach  
  103  13:48  Hydralisk x2  
  103  13:49  Roach x2  
  103  13:51  Hydralisk  
  103  13:52  Hydralisk, Roach  
  117  13:59  Hydralisk  
  117  14:00  Roach  
Tags
 
Add a new tag
Caveats
  • Supply blocks, unpowered buildings, or Contaminate may cause inaccurate times.
  • Supply counts are checked every 10 seconds.